 Dungeon Crawl Stone Soup version 0.28-b1-25-g9875b3fc8c (webtiles) character file.

Game seed: 17762471953057025375

4 morganrabe the Grave Robber (level 1, -3/14 HPs)
             Began as a Ghoul Necromancer on Feb 2, 2022.
             Slain by a hobgoblin (5 damage)
             ... on level 1 of the Dungeon.
             The game lasted 00:02:10 (46 turns).

morganrabe the Grave Robber (Ghoul Necromancer)       Turns: 46, Time: 00:02:11

Health: -3/14      AC:  2    Str: 11    XL:     1   Next: 70%
Magic:  2/2        EV: 12    Int: 10    God:
Gold:   0          SH:  0    Dex:  9    Spells: 2/3 levels left

rFire   . . .      SeeInvis .   (no weapon)
rCold   + . .      Faith    .   (no shield)
rNeg    + + +      Spirit   .   a - +0 robe
rPois   ∞          Reflect  .   (no helmet)
rElec   .          Harm     .   (no cloak)
rCorr   .          Rampage  .   (no gloves)
Will    .....                   (no boots)
Stlth   ++........              (no amulet)
HPRegen 0.00/turn               (no ring)
MPRegen 0.08/turn               (no ring)

@: inhibited regen
A: claws 1, cold resistance 1, negative energy resistance 3, inhibited
regeneration, torment resistance 2
a: no special abilities


You were on level 1 of the Dungeon.
You visited 1 branch of the dungeon, and saw 1 of its levels.

Inventory:

Armour
 a - a +0 robe (worn)


   Skills:
 + Level 2.1 Dodging
 + Level 2.2 Stealth
 + Level 1.7 Spellcasting
 + Level 4.0 Necromancy


You had 2 spell levels left.
You knew the following spells:

 Your Spells              Type           Power      Damage    Failure   Level
a - Pain                  Necr           32%        1d5       6%          1

Your spell library contained the following spells:

 Spells                   Type           Power      Damage    Failure   Level
 Animate Skeleton         Necr           16%        N/A       6%          1
 Vampiric Draining        Necr           8%         2d6       19%         3
 Animate Dead             Necr           4%         N/A       52%         4
 Agony                    Necr           8%         N/A       86%         5


Dungeon Overview and Level Annotations

Branches:
Dungeon (1/15)

Altars:


Innate Abilities, Weirdness & Mutations

You thrive by killing the living.
You are immune to poison.
You have sharp fingernails.
Your flesh is cold resistant. (rC+)
You are immune to negative energy. (rN+++)
You do not regenerate when monsters are visible.
You are immune to unholy pain and torment.


Message History

The endoplasm barely misses you.
You scratch the endoplasm.
The endoplasm is almost dead.
The endoplasm hits you.
You scratch the endoplasm.
You kill the endoplasm!
You feel better.
Your Dodging skill increases to level 2!
A ball python comes into view.
The ball python hisses angrily.
A goblin comes into view. It is wielding a +0 dagger.
A rat comes into view.
The goblin shouts!
You scratch the ball python.
You kill the ball python!
You feel better. The rat bites you.
A hobgoblin comes into view.
The hobgoblin shouts!
You hear a shout!
The goblin misses you. The rat closely misses you.
You see here a ball python corpse.
A kobold comes into view. It is wielding a +1 whip of venom.
The goblin hits you with a +0 dagger. The rat bites you.
You scratch the goblin.
The goblin is heavily wounded.
The goblin hits you but does no damage. The rat closely misses you.
You scratch the goblin.
You kill the goblin!
A ball python comes into view.
The rat bites you.
* * * LOW HITPOINT WARNING * * *
Found 14 sling bullets.
The ball python hisses angrily.
The hobgoblin hits you.
* * * LOW HITPOINT WARNING * * *
The rat barely misses you.
You see here a +0 dagger.
You closely miss the hobgoblin. The hobgoblin barely misses you.
The rat closely misses you.
You closely miss the hobgoblin. The hobgoblin hits you.
You die...

#.# #.#
#.# #.#
#.# # #.#
...
#.####...#
#†r.......
#.@g.S...#
#..K....#(
##....#.#
#.#.## #
#.#.#
#.#.. #.#
.# #.# .#


You could see a hobgoblin, a ball python, a kobold and a rat.

Vanquished Creatures
  2 ball pythons (D:1)
  An endoplasm (D:1)
  A goblin (D:1)
4 creatures vanquished.

Notes
Turn   | Place    | Note
-------+----------+-------------------------------------------
     0 | D:1      | morganrabe the Ghoul Necromancer began the quest for the
                  | Orb.
     0 | D:1      | Reached XP level 1. HP: 14/14 MP: 2/2
    46 | D:1      | Slain by a hobgoblin

Illustrated notes

Levels and vault maps discovered:
D:1:      dpeg_arrival_rooms_c, layout_loops_ring

Skill      XL: |  1 |
---------------+----+-----
Dodging        | 2 |  2.1
Stealth        | |  2.2
Spellcasting   | |  1.7
Necromancy     | |  4.0

Action                   || total
-------------------------++-------
Melee: Unarmed           ||    14
 Stab: Sleeping          ||     1
Armor: Robe              ||     3
Dodge: Dodged            ||    10
